 Dungeon Crawl Stone Soup version 0.29.0-3-gbb0933ed62 (webtiles) character file.

Game seed: 13750740264757910465

137 gelatine the Stinger (level 5, -2/36 HPs)
             Began as a Demonspawn Venom Mage on Aug 26, 2022.
             Killed by divine providence
             ... invoked by an orc priest
              (14 damage)
             ... on level 3 of the Dungeon.
             The game lasted 00:09:20 (3213 turns).

gelatine the Stinger (Demonspawn Venom Mage)        Turns: 3213, Time: 00:09:20

Health: -2/36      AC:  4    Str:  9    XL:     5   Next: 0%
Magic:  3/9        EV: 15    Int: 18    God:
Gold:   158        SH:  0    Dex: 13    Spells: 4/10 levels left

rFire   . . .      SeeInvis .   f - +0 mace
rCold   . . .      Faith    .   (no shield)
rNeg    + . .      Spirit   .   m - +1 leather armour {rN+}
rPois   .          Reflect  .   (no helmet)
rElec   .          Harm     .   q - scarf {repulsion}
rCorr   .          Rampage  .   (no gloves)
Will    .....                   (no boots)
Stlth   ++........              (no amulet)
HPRegen 0.12/turn               s - +4 ring of evasion
MPRegen 0.11/turn               (no ring)

@: repel missiles
A: foul stench 1, weakness stinger 1
a: no special abilities


You were on level 3 of the Dungeon.
You visited 1 branch of the dungeon, and saw 3 of its levels.

You collected 158 gold pieces.

Inventory:

Hand Weapons
 f - a +0 mace (weapon)
Armour
 a - a +0 robe
 m - a +1 leather armour of positive energy (worn)
 q - a scarf of repulsion (worn)
Jewellery
 s - a +4 ring of evasion (left hand)
Scrolls
 d - a scroll of magic mapping {unknown}
 h - a scroll of fear {unknown}
 i - a scroll of poison {unknown}
 j - a scroll of immolation
 n - a scroll of torment {unknown}
 o - 2 scrolls of identify {unknown}
Potions
 b - a potion of magic
 c - a potion of lignification {unknown}
 e - a potion of heal wounds {unknown}
 g - a potion of degeneration {unknown}
 k - a potion of brilliance {unknown}
 l - a potion of ambrosia {unknown}
 p - a potion of cancellation
 r - a potion of invisibility {unknown}


   Skills:
 * Level 0.4 Fighting
 + Level 0.3 Maces & Flails
 + Level 0.2 Armour
 + Level 2.0 Dodging
 - Level 2.1 Stealth
 + Level 3.2 Spellcasting
 * Level 0.5 Conjurations
 + Level 1.6 Transmutations
 * Level 0.4 Air Magic
 + Level 3.9 Poison Magic


You had 4 spell levels left.
You knew the following spells:

 Your Spells              Type           Power      Damage    Failure   Level
a - Sting                 Tmut/Pois      48%        1d5       8%          1
b - Poisonous Vapours     Pois/Air       20%        N/A       14%         2
c - Mephitic Cloud        Conj/Pois/Air  8%         N/A       34%         3

Your spell library contained the following spells:

 Spells                   Type           Power      Damage    Failure   Level
 Olgreb's Toxic Radiance  Pois           17%        N/A       41%         4


Dungeon Overview and Level Annotations

Branches:
Dungeon (3/15)

Altars:


Innate Abilities, Weirdness & Mutations

You may rarely emit foul miasma when damaged in melee.
You have a small tail.


Message History

The orc blinks!
The orc priest blinks! x2
Casting: Sting (safe; 8% risk of failure)
Confirm with . or Enter, or press ? or * to list all spells.
The spell is extremely dangerous to miscast (34% risk of failure)!
Continue anyway?
Aiming: Mephitic Cloud (extremely dangerous; 34% risk of failure)
Press: ? - help, Shift-Dir - straight line, f - orc
Aim: an orc, wielding a +0 dagger and quivering stones (inner flame, chance to affect: 96%)
The ball explodes into a vile cloud!
The stinking cloud engulfs the orc but does no damage.
The orc is engulfed in noxious fumes.
The orc appears confused.
The orc priest mumbles some strange prayers to Beogh against you.
Beogh smites you!
* * * LOW HITPOINT WARNING * * *
The orc is engulfed in noxious fumes.
The orc appears confused.
A bat comes into view.
The bat barely misses you. The bat hits you but does no damage.
The bat misses you. The bat closely misses you.
You barely miss the bat. The bat hits you but does no damage.
You hit the bat.
You kill the bat!
You have reached level 5!
Found a scale mail and a robe.
You start resting.
There are monsters nearby!
Casting: Mephitic Cloud (quite dangerous; 34% risk of failure)
Confirm with . or Enter, or press ? or * to list all spells.
The spell is quite dangerous to miscast (34% risk of failure)!
Continue anyway?
Aiming: Mephitic Cloud (quite dangerous; 34% risk of failure)
Press: ? - help, Shift-Dir - straight line, f - orc priest
Aim: an orc priest, wielding a +0 club and wearing a +0 plate armour (chance to affect: 86%)
The ball explodes into a vile cloud!
The stinking cloud engulfs the orc priest but does no damage.
You hear a shout!
The orc priest is engulfed in noxious fumes.
The orc priest appears confused.
The orc priest drinks a potion.
The orc priest seems less confused.
The orc priest invokes the aid of Beogh against you.
Beogh smites you!
You die...

♣....P♣.♣......###.##..#
P8.⌠.8♣..[...(.........#
.P....P♣.♣.o...###.##.##
♣..8.P♣.♣P.....# #.##.#
♣P......♣#.#.### #.##.#
♣♣.†♣♣♣♣♣.##○#####.##.#
♣P..♣...♣##○o..##.##.#
...♣P..P.♣.####.##.##.#
♣...PP♣.♣.P.....@.....#
.♣♣.P♣..P.♣####.##.####
...♣.♣♣♣÷♣÷#.....|.#
.♣.P.♣.....÷....####
.♣.♣......###..#
.♣♣.♣♣♣....# #..# #
[[....♣♣.# #.## ♣♣♣♣ .P.
..# ....###


You could see an orc priest.

Vanquished Creatures
  An orc wizard (D:3)
  5 adders
  4 dart slugs
  5 ball pythons
  3 endoplasms
  7 goblins
  4 hobgoblins
  4 jackals (D:3)
  7 quokkas
  8 bats
  3 frilled lizards
  3 kobolds
  3 rats
57 creatures vanquished.

Vanquished Creatures (others)
  19 plants (D:3)
19 creatures vanquished.

Grand Total: 76 creatures vanquished

Notes
Turn   | Place    | Note
-------+----------+-------------------------------------------
     0 | D:1      | gelatine the Demonspawn Venom Mage began the quest for the
                  | Orb.
     0 | D:1      | Reached XP level 1. HP: 13/13 MP: 3/3
   395 | D:1      | Gained mutation: You have a small tail. [demonic ancestry]
   395 | D:1      | Reached XP level 2. HP: 19/19 MP: 1/5
   730 | D:1      | Reached skill level 1 in Transmutations
  1210 | D:2      | Gained mutation: You may rarely emit foul miasma when
                  | damaged in melee. [demonic ancestry]
  1210 | D:2      | Reached XP level 3. HP: 21/24 MP: 0/6
  1814 | D:2      | Learned a level 2 spell: Poisonous Vapours
  1818 | D:2      | Learned a level 3 spell: Mephitic Cloud
  1953 | D:2      | Reached XP level 4. HP: 26/30 MP: 4/8
  2780 | D:3      | Found a faded altar of an unknown god.
  3192 | D:3      | Reached XP level 5. HP: 10/36 MP: 3/9
  3213 | D:3      | Killed from afar by an orc priest

Illustrated notes

Levels and vault maps discovered:
D:1:      evilmike_arrival_home_sweet_home, layout_basic, dreamdust_wishing_well
D:2:      layout_basic
D:3:      wad_woods_tower, layout_loops_ring,
          dreamdust_ecumenical_altar_statues, grunt_ministairs_12

Skill      XL: |  1  2  3  4 |
---------------+-------------+-----
Stealth        | 2 |  2.1
Transmutations | 1 |  1.6
Spellcasting   | 3 |  3.2
Dodging        | 2 |  2.0
Fighting       | |  0.4
Maces & Flails | |  0.3
Armour         | |  0.2
Conjurations   | |  0.5
Air Magic      | |  0.4
Poison Magic   | |  3.9

Action                   |  1- 3 |  4- 6 || total
-------------------------+-------+-------++-------
Melee: Mace              |    17 |    36 ||    53
       Unarmed           |     1 |       ||     1
       Tailslap          |       |     4 ||     4
 Cast: Sting             |    72 |    39 ||   111
       Mephitic Cloud    |       |     2 ||     2
  Use: Scroll            |       |     1 ||     1
       Potion            |       |     1 ||     1
Armor: Robe              |     9 |       ||     9
       Leather armour    |       |    24 ||    24
Dodge: Dodged            |    34 |    57 ||    91
